 Dungeon Crawl Stone Soup version 0.29.1-15-g9cfb28693d (webtiles) character file.

Game seed: 6522735665746488566

339 Sanktem7 the Trooper (level 6, 0/57 HPs)
             Began as a Minotaur Fighter on Mar 9, 2023.
             Slain by a steam dragon (2 damage)
             ... on level 4 of the Dungeon.
             The game lasted 00:03:38 (2629 turns).

Sanktem7 the Trooper (Minotaur Fighter)             Turns: 2629, Time: 00:03:39

Health: 0/57       AC: 12    Str: 22    XL:     6   Next: 29%
Magic:  0/5        EV: 10    Int:  5    God:
Gold:   235        SH:  4    Dex: 10    Spells: 5/5 levels left

rFire   . . .      SeeInvis .   a - +0 war axe {axe}
rCold   . . .      Faith    .   c - +0 buckler
rNeg    . . .      Spirit   +   j - +0 plate armour
rPois   .          Reflect  .   (helmet restricted)
rElec   .          Harm     .   (no cloak)
rCorr   .          Rampage  .   (no gloves)
Will    .....                   (no boots)
Stlth   ..........              m - amulet of guardian spirit
HPRegen 0.19/turn               w - +4 ring of evasion
MPRegen 0.09/turn               (no ring)

@: no status effects
A: horns 2, retaliatory headbutt
a: no special abilities


You were on level 4 of the Dungeon.
You visited 1 branch of the dungeon, and saw 4 of its levels.

You collected 235 gold pieces.


Innate Abilities, Weirdness & Mutations

You have a pair of horns on your head.
You reflexively headbutt those who attack you in melee.


   Skills:
 * Level 6.1 Fighting
 * Level 5.4 Axes
 + Level 0.0 Throwing
 + Level 5.0 Armour
 - Level 3.6 Shields


You had 5 spell levels left.
You didn't know any spells.
Your spell library contained the following spells:

 Spells                   Type           Power      Damage    Failure   Level
 Blink                    Tloc           0%         N/A       100%        2
 Lesser Beckoning         Tloc           0%         N/A       100%        3
 Ozocubu's Armour         Ice            0%         N/A       100%        3
 Manifold Assault         Tloc           0%         N/A       100%        5
 Ozocubu's Refrigeration  Ice            0%         4d7       100%        7

Inventory:

Hand Weapons
 a - a +0 war axe (weapon) {axe}
 b - a +1 vorpal quarterstaff {staff}
   (You found it on level 3 of the Dungeon)
 y - the +7 quarterstaff "Trog's Fury" {spect, rElec rCorr SInv, staff}
   (You found it on level 4 of the Dungeon)

   When its wielder attacks, the weapon's spirit leaps out and strikes again.
   The spirit shares a part of any damage it takes with its wielder.
   rElec:     It insulates you from electricity.
   SInv:      It lets you see invisible.
   rCorr:     It protects you from acid and corrosion.
Missiles
 o - a throwing net {=f!fthrowing}
 q - 15 stones {throwing}
Armour
 c - a +0 buckler (worn)
 j - a +0 plate armour (worn)
   (You found it on level 1 of the Dungeon)
Jewellery
 m - an amulet of guardian spirit (around neck)
   (You found it on level 2 of the Dungeon)
 w - a +4 ring of evasion (left hand)
   (You found it on level 3 of the Dungeon)
Wands
 t - a wand of flame (19)
   (You found it on level 2 of the Dungeon)
Scrolls
 e - a scroll of poison {unknown}
 f - a scroll of enchant weapon {unknown}
 g - 2 scrolls of immolation {unknown}
 i - a scroll of fear {unknown}
 p - a scroll of silence {unknown}
 r - a scroll of vulnerability {unknown}
 u - 2 scrolls of teleportation {unknown}
 x - a scroll of magic mapping {unknown}
Potions
 d - a potion of might
 h - a potion of cancellation {unknown}
 k - a potion of attraction {unknown}
 l - 2 potions of flight {unknown}
 n - a potion of berserk rage {unknown}
 s - a potion of haste {unknown}
 v - a potion of invisibility {unknown}
 z - a potion of mutation {unknown}

Dungeon Overview and Level Annotations

Branches:
Dungeon (4/15) Zot: 21315
 Temple: D:4-7

Altars:
Ru
Vehumet

#. ### #.. ..##
... #..##.##
........ #.....
###[D# # # ##.)@.#
#.# . ####?.#.##
#.## #. #....ยง..#
...###.###.##.####
....##.....#..#...
.........#......#
...>.......#.####
.# ...........โ€
.# #.#
........#...## #..


You could see a steam dragon.


Message History

You kill the ogre!
Your Fighting skill increases to level 6!
Your Armour skill increases to level 5!
You have reached level 6! ๐Ÿ˜ฎ HP[+4]
You now have 57 max hp (+7).
You regained 4 hp, and now have 34/57 hp.
Unknown command.
A steam dragon comes into view. ๐Ÿ˜• HP[+9] MP[+2]
You regained 9 hp, and now have 43/57 hp.
Your mp is fully restored (5).
A steam dragon is nearby!
A steam dragon is nearby!
A steam dragon is nearby!
The steam dragon hisses angrily.
The steam dragon breathes steam at you. The ball of steam misses you.
You see here a +0 giant club {mace}.
Unknown command.
You hit the steam dragon but do no damage.
Your headbutt misses the steam dragon.
You are engulfed in a cloud of scalding steam.
The steam dragon breathes steam at you. The ball of steam hits you!
The steam dragon barely misses you.
The steam dragon claws you but does no damage. ๐Ÿ˜ฎ HP[-6] MP[-1]
You take 6 damage, and now have 37/57 hp.
You lost 1 mp, and now have 4/5 mp.
You closely miss the steam dragon. Your headbutt misses the steam dragon.
You are engulfed in a cloud of scalding steam.
The steam dragon breathes steam at you.
The ball of steam hits you. ๐Ÿ˜ฎ HP[-5] MP[-1]
You take 5 damage, and now have 32/57 hp.
You lost 1 mp, and now have 3/5 mp.
You hit the steam dragon but do no damage.
The steam dragon bites you.
The steam dragon claws you but does no damage. ๐Ÿ˜ฎ HP[-1]
You take 1 damage, and now have 31/57 hp.
You closely miss the steam dragon.
The steam dragon bites you but does no damage.
The steam dragon closely misses you.
You closely miss the steam dragon. The steam dragon barely misses you.
You furiously retaliate!
You headbutt the steam dragon, but do no damage.
The steam dragon barely misses you.
You barely miss the steam dragon. The steam dragon breathes steam at you.
The ball of steam hits you!
* * * LOW HITPOINT WARNING * * *
The steam dragon closely misses you.
The steam dragon claws you but does no damage. ๐Ÿ˜จ HP[-9] MP[-1]
You take 9 damage, and now have 22/57 hp.
You lost 1 mp, and now have 2/5 mp.
You closely miss the steam dragon.
You are engulfed in a cloud of scalding steam.
The steam dragon barely misses you.
The steam dragon claws you but does no damage.
You closely miss the steam dragon.
You headbutt the steam dragon, but do no damage.
The steam dragon breathes steam at you. The ball of steam hits you.
* * * LOW HITPOINT WARNING * * *
๐Ÿ˜จ HP[-3]
You take 3 damage, and now have 19/57 hp.
You closely miss the steam dragon.
You are engulfed in a cloud of scalding steam.
* * * LOW HITPOINT WARNING * * *
The steam dragon bites you!
* * * LOW HITPOINT WARNING * * *
The steam dragon claws you.
* * * LOW HITPOINT WARNING * * *
๐Ÿ˜ฑ HP[-11] MP[-1]
You take 11 damage, and now have 8/57 hp.
You lost 1 mp, and now have 1/5 mp.
You closely miss the steam dragon. The steam dragon bites you.
* * * LOW HITPOINT WARNING * * *
The steam dragon barely misses you.
The steam dragon bites you but does no damage.
The steam dragon closely misses you. ๐Ÿ˜ฑ HP[-2]
You take 2 damage, and now have 6/57 hp.
You slash the steam dragon! The steam dragon bites you!
* * * LOW HITPOINT WARNING * * *
The steam dragon claws you but does no damage. ๐Ÿ˜ฑ HP[-5] MP[-1]
You take 5 damage, and now have 1/57 hp.
You lost 1 mp, and now have 0/5 mp.
You closely miss the steam dragon. You block the steam dragon's attack.
The steam dragon completely misses you.
You slash the steam dragon!
You headbutt the steam dragon, but do no damage.
The steam dragon closely misses you.
The steam dragon claws you but does no damage.
You hit the steam dragon. Your headbutt misses the steam dragon.
The steam dragon misses you. The steam dragon claws you.
You die...

Skill      XL: |  1  2  3  4  5 |
---------------+----------------+-----
Fighting       | 4 5 6 |  6.1
Axes           | 3 4 5 |  5.4
Armour         | 4 5 |  5.0
Shields        | |  3.6

Action                   |  1- 3 |  4- 6 || total
-------------------------+-------+-------++-------
Melee: War axe           |    97 |    71 ||   168
       Headbutt          |     8 |    10 ||    18
Armor: Scale mail        |    24 |       ||    24
       Plate armour      |    29 |    49 ||    78
Dodge: Dodged            |    32 |    36 ||    68
Block: Buckler           |    25 |    15 ||    40

Levels and vault maps discovered:
D:1:      dpeg_arrival_concentric_ovals, layout_loops_ring,
          shapermc_ecumenical_altar_gd, nicolae_kite_square_tiling_tiny
D:2:      layout_rooms, minmay_heptomino_l4
D:3:      layout_rooms, nicolae_overflow_two_pavilions, grunt_decor_one_mirror
D:4:      layout_rooms, mainiacjoe_overflow_concentric_impassable

Notes
Turn   | Place    | Note
-------+----------+-------------------------------------------
     0 | D:1      | Sanktem7 the Minotaur Fighter began the quest for the Orb.
     0 | D:1      | Reached XP level 1. HP: 19/19 MP: 0/0
     0 | D:1      | magus.rc [v1.9.6]
   383 | D:1      | Reached XP level 2. HP: 24/27 MP: 1/1
   384 | D:1      | Reached skill level 4 in Fighting
   386 | D:1      | Reached skill level 3 in Axes
   691 | D:1      | Found a faded altar of an unknown god.
  1073 | D:2      | Reached skill level 4 in Armour
  1073 | D:2      | Reached XP level 3. HP: 19/34 MP: 2/2
  1562 | D:2      | You pick up a book of Spatial Translocations and begin
                  | reading...
  1562 | D:2      | You add the spells Blink, Lesser Beckoning and Manifold
                  | Assault to your library.
  1876 | D:3      | Reached XP level 4. HP: 41/41 MP: 3/3
  1898 | D:3      | Noticed a scorpion
  1905 | D:3      | Reached skill level 4 in Axes
  1907 | D:3      | Killed a scorpion
  1908 | D:3      | Reached skill level 5 in Fighting
  1908 | D:3      | Reached XP level 5. HP: 41/48 MP: 4/4
  2036 | D:3      | Found a radiant altar of Vehumet.
  2036 | D:3      | Found a sacrificial altar of Ru.
  2443 | D:4      | Identified the +7 quarterstaff "Trog's Fury" {spect, rElec
                  | rCorr SInv}
  2456 | D:4      | You add the spells Ozocubu's Armour and Ozocubu's
                  | Refrigeration to your library.
  2468 | D:4      | Reached skill level 5 in Axes
  2561 | D:4      | Noticed an ogre
  2567 | D:4      | Killed an ogre
  2568 | D:4      | Reached skill level 6 in Fighting
  2568 | D:4      | Reached skill level 5 in Armour
  2568 | D:4      | Reached XP level 6. HP: 34/57 MP: 3/5
  2613 | D:4      | Noticed a steam dragon
  2624 | D:4      | HP: 10/57 [steam dragon (6)]
  2626 | D:4      | HP: 1/57 [steam dragon (5)]
  2629 | D:4      | Slain by a steam dragon

Vanquished Creatures
  An ogre (D:4)
  A scorpion (D:3)
  A howler monkey (D:3)
  An iguana (D:4)
  5 adders
  5 worms
  2 dart slugs
  5 orcs
  5 ball pythons
  2 bats
  3 endoplasms
  A giant cockroach (D:3)
  6 goblins
  3 hobgoblins
  12 jackals
  5 kobolds
  A quokka (D:2)
  3 frilled lizards
  5 rats
67 creatures vanquished.

Vanquished Creatures (others)
  3 plants (D:1)
3 creatures vanquished.

Grand Total: 70 creatures vanquished

Table legend:
 A = Non-vault XP
 B = Vault XP
 C = Vault XP percentage of total XP
 D = Non-vault monster count
 E = Vault monster count
 F = Vault count percentage of total count
                 A         B        C        D         E       F
            +---------+---------+-------+---------+---------+-------
      Total |     483 |       2 |   0.4 |      65 |       2 |   3.0
            +---------+---------+-------+---------+---------+-------
        D:1 |      25 |       0 |   0.0 |      14 |       0 |   0.0
        D:2 |      55 |       2 |   3.5 |      15 |       2 |  11.8
        D:3 |     214 |       0 |   0.0 |      28 |       0 |   0.0
        D:4 |     189 |       0 |   0.0 |       8 |       0 |   0.0
            +---------+---------+-------+---------+---------+-------

Illustrated notes

Table legend:
 A = Kills in this place as a percentage of kills in entire the game.
 B = Kills by you in this place as a percentage of kills by you in the entire game.
 C = Kills by friends in this place as a percentage of kills by friends in the entire game.
 D = Other kills in this place as a percentage of other kills in the entire game.
 E = Experience gained in this place as a percentage of experience gained in the entire game.
 F = Experience gained in this place divided by the number of levels of this place that you have seen.
                   A       B       C       D       E      F
               +-------+-------+-------+-------+-------+----------------------
         Total | 100.0 | 100.0 |   N/A |   N/A | 100.0 | 121.2
       Dungeon | 100.0 | 100.0 |   N/A |   N/A | 100.0 | 121.2
               +-------+-------+-------+-------+-------+----------------------

Table legend: (Time is in decaauts)
 A = Elapsed time spent in this place.
 B = Non-inter-level travel time spent in this place.
 C = Inter-level travel time spent in this place.
 D = Time resting spent in this place.
 E = Time spent auto-exploring this place.
 F = Levels seen in this place.
 G = Mean time per level.
                   A        B        C        D        E       F      G
               +--------+--------+--------+--------+--------+-----+--------+
         Total |   2683 |   2632 |     51 |      0 |   2149 |   4 |  670.8 |
       Dungeon |   2683 |   2632 |     51 |      0 |   2149 |   4 |  670.8 |
               +--------+--------+--------+--------+--------+-----+--------+

Top non-repeatable levels by time:
     D:2: 918 daAuts
     D:1: 827 daAuts
     D:3: 728 daAuts
     D:4: 208 daAuts
